Cogmind - Beta 16 @@@ ROGUE MODE // 2026.01.08 @ 13:56:49 Player: jam Result: Core destroyed Performance ------------- Evolutions (1) 500 Regions Visited (3) 600 Robots Destroyed (40) 200 Value Destroyed (1040) 1040 Prototype IDs (2) 40 Alien Tech Used (0) 0 Bonus (0) 0 TOTAL SCORE: 2380 Bonus ------- None Cogmind --------- Core Integrity 0/400 Matter 64/300 Energy 134/160 System Corruption 0% Temperature Critical (563) Movement Walking (123) Location -9/Storage Parts ------- > --- POWER (1) -------- Light Nuclear Core > --- PROPULSION (3) --- Aluminum Leg Aluminum Leg Titanium Leg > --- UTILITY (3) ------ Medium Storage Unit Hardened Light Armor Plating Hardened Light Armor Plating > --- WEAPON (2) ------- Ion Cannon Grenade Launcher > --- INVENTORY (10) --- Light Nuclear Core Light Nuclear Core Light Treads Titanium Leg Hardened Light Armor Plating Beam Rifle Ion Cannon Ion Cannon Minigun Peak State ------------ > --- POWER ------------ Light Nuclear Core > --- PROPULSION ------- Titanium Leg Titanium Leg Titanium Leg > --- UTILITY ---------- Medium Storage Unit Improved Terrain Scan Processor Utility Shielding > --- WEAPON ----------- Ion Cannon Minigun > --- INVENTORY -------- Light Nuclear Core Light Nuclear Core Light Treads Light Treads Titanium Leg Ion Cannon Ion Cannon Minigun Grenade Launcher [Rating: 25] Favorites ----------- Power Light Nuclear Core Engine Light Ion Engine Power Core Light Nuclear Core Propulsion Titanium Leg Treads Light Treads Leg Titanium Leg Utility Utility Shielding Device Seismic Detector Storage Medium Storage Unit Processor Improved Terrain Scan Processor Protection Utility Shielding Weapon Ion Cannon Energy Gun EM Pulse Gun Energy Cannon Ion Cannon Ballistic Gun Assault Rifle Ballistic Cannon Improved Light Cannon Launcher Grenade Launcher Build | -11 -10 -9 -9 ------- Run | Yrd Mat Mat Sto Slots Evolved 2 | . . 2 . Power . | . . . . Propulsion 1 | . . 1 . Utility 1 | . . 1 . Weapon . | . . . . Parts Attached 37 | 7 2 21 7 Power 6 | 1 1 4 . Engine 3 | 1 1 1 . Core 3 | . . 3 . Reactor . | . . . . Propulsion 9 | 2 . 5 2 Treads 3 | 2 . 1 . Leg 6 | . . 4 2 Wheel . | . . . . Hover . | . . . . Flight . | . . . . Utility 9 | 2 1 3 3 Device 1 | 1 . . . Storage 2 | 1 . 1 . Processor 1 | . . 1 . Hackware . | . . . . Protection 5 | . 1 1 3 Artifact . | . . . . Weapon 13 | 2 . 9 2 Energy Gun 3 | 1 . 1 1 Energy Cannon 4 | . . 3 1 Ballistic Gun 4 | 1 . 3 . Ballistic Cannon 1 | . . 1 . Launcher 1 | . . 1 . Special Weapon . | . . . . Impact Weapon . | . . . . Slashing Weapon . | . . . . Piercing Weapon . | . . . . Special Melee Weapon . | . . . . Unidentified Prototypes 2 | . . 2 . Parts Lost 3 | . . 2 1 Power . | . . . . Propulsion 2 | . . 1 1 Utility 1 | . . 1 . Weapon . | . . . . Highest Loss Streak 1 | . . 1 1 To Critical Strikes 1 | . . 1 . Average Backups 8 | 2 7 8 9 Power 1 | . 2 2 2 Propulsion 2 | 1 3 3 2 Utility . | . . . . Weapon 3 | . 1 3 4 Tool/Special . | . . . . Unused Backups 11 | . 4 3 4 Power 3 | . 1 1 1 Propulsion 5 | . 2 1 2 Utility 1 | . . . 1 Weapon 2 | . 1 1 . Tool/Special . | . . . . Average Slot Usage (%) 98 | . 100 96 99 Engine 4 | . 14 4 . Core 6 | . . 6 11 Treads 7 | . 28 5 . Leg 24 | . . 27 32 Device 1 | . 5 . . Storage 11 | . 14 11 11 Processor 5 | . . 6 8 Protection 13 | . 8 14 13 Energy Gun 5 | . 14 2 6 Energy Cannon 9 | . . 11 10 Ballistic Gun 5 | . 14 5 . Ballistic Cannon 1 | . . . 3 Peak Build Rating 25 | 7 7 25 24 Average Rating 17 | 5 7 20 20 On Entrance 8 | . 7 7 21 Avg Prop Armor Cover (%) 6 | . . 7 6 Naked Turns . | . . . . Heaviest Build 34 | 13 17 28 34 Greatest Support 60 | 40 40 60 44 Greatest Overweight (x) 1 | . . 1 . Average Overweight (x) . | . . . . Largest Inventory Capacity 10 | 8 8 10 10 Average Capacity 9 | 7 8 9 10 Most Carried 10 | 5 8 10 10 Average Carried 8 | 3 7 8 9 Final Capacity 10 | 8 8 10 10 Final Carried 10 | 5 8 10 9 Class Distribution -------------------- 80% | Mutant 19% | Scavenger-Mutant Dominant Class ---------------- Mutant | -10/Materials Mutant | -9/Materials Scavenger-Mutant | -9/Storage Resources | -11 -10 -9 -9 ----------- Run | Yrd Mat Mat Sto Matter Collected 876 | 263 56 414 143 Remotely . | . . . . Salvage Created 1256 | 71 97 475 613 Parts 67 | 4 2 24 37 Haulers Intercepted 5 | . . 2 3 Recyclers Shooed 1 | . . . 1 Parts Field Recycled . | . . . . Retrieved Matter . | . . . . Parts Self-Destructed . | . . . . Prevented . | . . . . Parts Restored . | . . . . Kills | -11 -10 -9 -9 ------- Run | Yrd Mat Mat Sto Combat Hostiles Destroyed 30 | . 2 14 14 Guns 5 | . 2 3 . Cannons 13 | . . 4 9 AOE 12 | . . 7 5 Classes Destroyed 7 | 2 1 4 . Tunneler 1 | 1 . . . Hauler 5 | . . 2 3 Recycler 1 | 1 . . . Watcher 3 | . . 3 . Swarmer 7 | . . 7 . Grunt 19 | . 2 6 11 Sentry 4 | . . 1 3 Best Kill Streak 7 | 2 1 4 7 Combat Bots Only 4 | . 1 4 4 Max Kills in Single Turn 3 | 1 1 2 3 Gunslinging . | . . . . Exploded 3 | . . 2 3 Melee . | . . . . Uniques/NPCs Destroyed . | . . . . Combat | -11 -10 -9 -9 -------- Run | Yrd Mat Mat Sto Hostile Shots Fired 215 | . 9 156 50 Missed 67 | . 2 48 17 Hits 148 | . 7 108 33 Projectile 148 | . 7 108 33 Critical Strikes 4 | . . 3 1 Damage Taken 1882 | . 74 1238 570 Core 440 | . 11 205 224 Absorbed by Shields . | . . . . Redirected to Shielding 20 | . . 17 3 Regen/Repaired (Parts) 81 | . . 81 . Core Remaining (%) 97 | 100 95 . . Volleys Fired 113 | 3 11 57 42 Largest 2 | 2 2 2 2 Hottest 120 | 60 60 120 116 Shots Fired 212 | 6 22 109 75 Gun 83 | 6 22 38 17 Cannon 114 | . . 63 51 Launcher 15 | . . 8 7 Special . | . . . . Kinetic 62 | 3 11 34 14 Thermal 112 | . . 58 54 Explosive 15 | . . 8 7 Electromagnetic 23 | 3 11 9 . Robot Hit Streak 10 | 4 6 8 10 Robot Miss Streak 5 | . 4 5 3 Penetration Max . | . . . . Secondary Targets . | . . . . Shots Hit Robots 117 | 4 12 56 45 Core Hits 67 | 2 5 28 32 Critical Kills . | . . . . Critical Parts Destroyed . | . . . . Critical Strikes 2 | . . . 2 Burn 1 | . . . 1 Blast 1 | . . . 1 Melee Attacks . | . . . . Impact . | . . . . Slashing . | . . . . Piercing . | . . . . Sneak Attacks . | . . . . Combat Hostiles . | . . . . Follow-up Attacks . | . . . . Damage Inflicted 3309 | 55 148 1708 1398 Guns 570 | 55 148 294 73 Cannons 1547 | . . 751 796 Explosions 1181 | . . 661 520 Melee . | . . . . Ramming 11 | . . 2 9 Kinetic 620 | 15 74 349 182 Thermal 1370 | . . 683 687 Explosive 1181 | . . 661 520 Electromagnetic 127 | 40 74 13 . Impact . | . . . . Slashing . | . . . . Piercing . | . . . . Highest Corruption . | . . . . Average Corruption . | . . . . Corruption Purged . | . . . . Corruption Blocked . | . . . . Overload Shots . | . . . . Overflow Damage 45 | . . 36 9 Projectiles 11 | . . 11 . Explosions 34 | . . 25 9 Melee . | . . . . Knockbacks . | . . . . Impact . | . . . . Kinetic . | . . . . Secondary . | . . . . Self-Inflicted Damage . | . . . . Shots . | . . . . Rammed . | . . . . Targets Rammed 4 | . . 1 3 Kicked 4 | . . 1 3 Crushed . | . . . . Highest Temperature 563 | . 60 512 563 Average Temperature 119 | . 25 117 139 Received Heat Transfer 663 | . 42 435 186 Effects 19 | . . 9 10 Shutdowns 5 | . . 2 3 Energy Bleed 2 | . . 1 1 Interference 6 | . . 4 2 Matter Decay 2 | . . 1 1 Short Circuit 1 | . . 1 . Damage (minor) 1 | . . . 1 Damage (core) 2 | . . . 2 Siege Activations . | . . . . Martial Activations . | . . . . Shielding Activations . | . . . . Robots Disrupted . | . . . . Combat Hostiles . | . . . . Robots Corrupted . | . . . . Combat Hostiles . | . . . . Parts Fried . | . . . . Impact Corruptions . | . . . . Robots Melted . | . . . . Combat Hostiles . | . . . . Parts Melted 2 | . . 2 . Heat Transferred 2368 | . . 1110 1258 Parts Sabotaged . | . . . . Parts Stolen . | . . . . Parts Stripped . | . . . . Power Chain Reactions . | . . . . Alert | -11 -10 -9 -9 ------- Run | Yrd Mat Mat Sto Maximum Alert Level 1 | . . 1 1 Low Security (%) 98 | 100 100 97 99 Level 1 1 | . . 2 . Level 2 . | . . . . Level 3 . | . . . . Level 4 . | . . . . Level 5 . | . . . . High Security . | . . . . Max Security . | . . . . Peak Influence 220 | 10 45 220 203 Initial 44 | . . 10 44 Average 53 | 1 7 51 89 Influence Increases 1048 | 10 71 536 431 Destroy 0b10 Robot/C 600 | . 40 280 280 Destroy 0b10 Robot/NC 50 | 10 . 25 15 Destroy Leader 106 | . 10 50 46 Successful Hack 25 | . 6 7 12 Disable Machine 90 | . . 75 15 Destroy Structure 87 | . . 54 33 Lose Combat Pursuer 90 | . 15 45 30 Influence Decreases 845 | 10 46 454 335 Entered New Map 78 | . . 15 63 Time Decay 587 | 10 46 269 262 Lost Part 30 | . . 20 10 Purge Threat 150 | . . 150 . Squads Dispatched 6 | . 1 2 3 Investigation 2 | . 1 . 1 Extermination . | . . . . Reinforcement 3 | . . 2 1 Assault . | . . . . Garrison 1 | . . . 1 Intercept . | . . . . Searches Triggered . | . . . . Construction Impeded 1 | . . 1 . Haulers Reinforced . | . . . . Active Scanning Responses . | . . . . Cargo Convoy Interrupts . | . . . . Stealth | -11 -10 -9 -9 --------- Run | Yrd Mat Mat Sto Distress Signals 3 | . 1 2 . Communications Jammed . | . . . . Distress Signals . | . . . . Times Spotted 53 | . 2 32 19 Peak Tracking Total 5 | . 2 5 4 Tactical Retreats 4 | . 1 2 1 Traps | -11 -10 -9 -9 ------- Run | Yrd Mat Mat Sto Traps Triggered 2 | . 1 1 . Indirectly . | . . . . Trap Hack Attempts . | . . . . Triggered . | . . . . Disarmed . | . . . . Reprogrammed . | . . . . Reused . | . . . . Traps Extracted . | . . . . Installed . | . . . . Triggered . | . . . . Machines | -11 -10 -9 -9 ---------- Run | Yrd Mat Mat Sto Machines Disabled 6 | . . 5 1 Max in Single Turn 2 | . . 2 1 Machines Repaired . | . . . . Machines Dismantled . | . . . . Machines Sabotaged . | . . . . Overloaded Fab Kills . | . . . . Hacking | -11 -10 -9 -9 --------- Run | Yrd Mat Mat Sto Machines Accessed 15 | . 2 7 6 Terminals 10 | . 2 4 4 Fabricators . | . . . . Repair Stations 2 | . . 2 . Recycling Units 1 | . . . 1 Scanalyzers 1 | . . 1 . Garrison Access 1 | . . . 1 Total Hacks 40 | . 9 15 16 Successful 13 | . 2 8 3 Failed 27 | . 7 7 13 Catastrophic 7 | . 1 2 4 Database Lockouts . | . . . . Manual 29 | . 8 9 12 Terminals 31 | . 9 10 12 Fabricators . | . . . . Repair Stations 3 | . . 3 . Recycling Units 2 | . . . 2 Scanalyzers 2 | . . 2 . Garrison Access 2 | . . . 2 Terminal Hacks 9 | . 2 4 3 Record 1 | . . 1 . Terminal Index 3 | . 1 1 1 Unreport Threat 1 | . . 1 . Transport Status 1 | . . 1 . Zone Layout 3 | . 1 . 2 Fabricator Hacks . | . . . . Repair Station Hacks 2 | . . 2 . Scan Component 1 | . . 1 . Repair 1 | . . 1 . Recycling Unit Hacks . | . . . . Scanalyzer 2 | . . 2 . Retrieve Study 2 | . . 2 . Garrison Access Hacks . | . . . . Unauthorized Hacks . | . . . . Terminals . | . . . . Fabricators . | . . . . Repair Stations . | . . . . Recycling Units . | . . . . Scanalyzers . | . . . . Garrison Access . | . . . . Data Cores Recovered . | . . . . Used . | . . . . Hacking Detections 14 | . 2 7 5 Full Trace Events 1 | . . . 1 Feedback Events . | . . . . Feedback Blocked . | . . . . Robot Schematics Acquired . | . . . . Robots Built . | . . . . Authchips . | . . . . Time . | . . . . Total Robot Build Rating . | . . . . Part Schematics Acquired . | . . . . Parts Built . | . . . . Authchips . | . . . . Time . | . . . . Total Part Build Rating . | . . . . Part Studies Acquired 2 | . . 2 . Parts Repaired 1 | . . 1 . Time 38 | . . 38 . Parts Recycled . | . . . . Recycled Matter . | . . . . Retrieved Matter . | . . . . Retrieved Components . | . . . . Parts Scanalyzed . | . . . . Part Schematics Acquired . | . . . . Parts Damaged . | . . . . Bothacking | -11 -10 -9 -9 ------------ Run | Yrd Mat Mat Sto Used RIF Installer . | . . . . Robots Hacked . | . . . . Non-combat . | . . . . Combat . | . . . . Robot Hacks Applied . | . . . . Relay Couplers Released . | . . . . Fabnet Peak Effective % . | . . . . Robots Rewired . | . . . . Allies Hacked . | . . . . Hacks Repelled . | . . . . Allies | -11 -10 -9 -9 -------- Run | Yrd Mat Mat Sto Total Allies . | . . . . Largest Group . | . . . . Highest-Rated Group . | . . . . Highest-Rated Ally . | . . . . Total Orders . | . . . . Ally Attacks . | . . . . Total Damage . | . . . . Kills . | . . . . Allies Corrupted . | . . . . Allies Melted . | . . . . Intel | -11 -10 -9 -9 ------- Run | Yrd Mat Mat Sto Active Infowar (turns) 158 | 36 122 . . Seismic 158 | 36 122 . . Robot Analysis Total . | . . . . Derelict Logs Recovered . | . . . . Drone Launches . | . . . . Drone Recoveries . | . . . . Exploration | -11 -10 -9 -9 ------------- Run | Yrd Mat Mat Sto Turns Passed 1870 | 85 302 912 571 Spaces Moved 1032 | 39 162 484 347 Core 1 | 1 . . . Treads 261 | 38 162 61 . Legs 770 | . . 423 347 Wheels . | . . . . Hover . | . . . . Flight . | . . . . Fastest Speed 50 | 50 160 130 123 Average Speed 135 | 157 160 133 124 Slowest Speed 200 | 160 160 200 130 Overloaded Moves . | . . . . Propulsion Burnouts . | . . . . Robots Hopped . | . . . . Potential Cave-ins . | . . . . Cave-ins Triggered . | . . . . Exploration Rate (%) 27 | 4 25 35 47 Regions Visited 3 Branch Regions 1 Pre-discovered Areas . | . . . . Known Exits Taken . | . . . . Unknown Exits Taken 3 | 1 1 1 . Scrap Searched . | . . . . Spaces Dug . | . . . . Terrain Destroyed 85 | . . 53 32 Melee . | . . . . Projectile 8 | . . 5 3 AOE 77 | . . 48 29 Terrain Rammed . | . . . . Walls Destroyed . | . . . . Machines Disabled . | . . . . Actions | -11 -10 -9 -9 --------- Run | Yrd Mat Mat Sto Total 1290 | 53 185 640 412 Wait 38 | . . 38 . Move 1029 | 38 161 483 347 Hop . | . . . . Pick Up 22 | 5 6 8 3 Fast Attach 25 | 7 1 14 3 Attach 7 | . . 4 3 Detach 3 | . . 2 1 Swap 21 | . 1 16 4 Drop 28 | . 5 17 6 Fire 113 | 3 11 57 42 Melee . | . . . . Ram . | . . . . Kick 4 | . . 1 3 Crush . | . . . . Escape Stasis . | . . . . Rewire . | . . . . Trap . | . . . . Miscellaneous . | . . . . Route ------- -11/Scrapyard -10/Materials (discovered 2 exits: *Mat / [Min]) -9/Materials (discovered 2 exits: [*Min] / *Sto) -9/Storage History --------- Turn | Location | Event 13 | -11/Scrapyard | Discovered new exit (range 14) 86 | -11/Scrapyard | Entered Materials 243 | -10/Materials | Discovered new exit (range 16) 266 | -10/Materials | Discovered new exit (range 13) 308 | -10/Materials | Build established: Mutant 388 | -10/Materials | Entered another Materials area 388 | -9/Materials | Evolved 2 slots: Propulsion x1, Utility x1 1059 | -9/Materials | Repaired Titanium Leg 1076 | -9/Materials | Discovered new exit (range 15) 1282 | -9/Materials | Discovered new exit (range 13) 1300 | -9/Materials | Core integrity fell below 50% 1300 | -9/Materials | Entered Storage 1407 | -9/Storage | Garrison activated, responded to threat 1805 | -9/Storage | Build established: Scavenger-Mutant 1869 | -9/Storage | Core integrity fell below 20% 1872 | -9/Storage | Core destroyed Last Messages --------------- 01856_ U-05 Engineer lays Concrete. 01857_ Overheating: Beam Rifle damaged (-23). 01857_ U-05 Engineer lays Concrete. 01858_ U-05 Engineer builds a Wall. 01858_ U-05 Engineer lays Concrete. 01859_ A-02 Transporter destroyed. 01860_ Power failure, Lgt. Nuclear Core shutdown. 01860_ U-05 Engineer lays Concrete. 01867_ Destroyed Hover Unit. 01867_ G-34 Mercenary destroyed. 01867_ U-05 Engineer destroyed. 01868_ U-05 Engineer lays Concrete. 01869_ Power failure, Lgt. Nuclear Core shutdown. 01869_ Overheating: Core damaged (-68). 01869_ U-05 Engineer lays Concrete. 01870_ U-05 Engineer builds a Wall. 01870_ Destroyed Lgt. Ion Engine. 01871_ Overheating: Matter decay (-10). 01871_ U-05 Engineer lays Concrete. 01872_ Overheating: Core damaged (-80). Map ----- +----------------------------------------------------+ | ??????????????????????????######?# | | ?????????????????????????????????# | | ?????????????????????????????????# ##### | | ?????????????????????????????????# ##???? | | ?????????????????????????????????# ##### !*#????? | | ?????????????????????????????????# #???# !*%#????? | | ?????????????????????????????????# #???# *[#????? | | ???????????????????????????????###+##??# #????? | | ???????????????????????????????# #??# ###### | | ???????????????????????????#####!T #??# # | | ??????????????????????????? ##[%* #??# # | | ??????????????????????????? ### #### # """ | | ???????????????????????????""### + + """ | | ??????????????????????????? T## # ##### # """ | | ??????????????????????????##+###[! # ###?# # | | ??????????????????????????? ## ! # ""#?# ###### | | ??????????????????????????? T ## # Y"#?# #????? | | ??????????????????????????? ####### ""#?# ###### | | ???????????????????????????# ##?????# ###?# | | ???????????????????????????# #??????# #???# % | | ??????????????????###+##+### ######## #???# | | ??????????????????# + #???# | | ??????????????????# ! # #?### ###### | | ??????????????????# !== # #?#"" ##???? | | ??????????????????# !=%=%# #?#"T ##???? | | ??????????????????# ==@ + #?#"" ###### | | ??????????????????# * # #?### | | ??????????????????# u# """T"""###???# | | ??????????????????# u# ########?????#### | | ??????????????????# *u #??#######??????#^^ | | ??????????????????##### % #??#######??????# | | ??????????????????????g = ! #??## ##??????# | | ??????????????????????% = ##?## ##??????# | | ?????????????????????gg g #?## ##??????# | | ?????????????????????gg o #?## ##??????# | | ????????????????????#ggT #?##"""##??????# | | ????????????????????#### # #?#T ##??????# | | ???????????????????????##? #?## ##??????# | | ?????????????????????????? a#####+########## | | ??????????????????????????+## | | ?????????????????????????? ?????????????????? | | ??????????????????????????"?????????????????? | | ????????????????????????????????????????????? | | ?????????????????????????????????????????????????# | | ?????????????????????????????????????????????????# | | ?????????????????????????????????????????????????# | | ????????????????????????????????????????????????? | | ?????????????????????????????????????????????????# | | ?????????????????????????????????????????????????# | | ?????????????????????????????????????????????????? | +----------------------------------------------------+ Best States ------------- Heat Dissipation 28 Energy Generation 14 Energy Capacity 250 Matter Stores 300 Matter Capacity 300 Sight Range 16 Terrain Scan Density 110 Armor Coverage 300 Utility Shielding 33 Evasion (%) 55 Recoil Reduction 3 Item Schematics ----------------- None Robot Schematics ------------------ None Fabricated ------------ Nothing Repaired ---------- Titanium Leg | 44% | -9/Materials Studied --------- Grenade Launcher | -9/Materials | Hacked Lgt. Treads | -9/Materials | Hacked Alien Tech Used ----------------- None Achievements -------------- None Challenges ------------ None Game ------ Seed RapidGhostCutter Manual? 0 Play Time 00:18:50 Cumulative 20.2 hours Start 2026.01.08 @ 13:39:54 End 2026.01.08 @ 13:56:49 Sessions 1 Manual Loads 0 Difficulty Rogue Special Mode None Game No. 39 Rogue 36 Adventurer 3 Explorer 0 Win Type - Total 0 Types 0/0/0/0/0/0/0/0/0/0 Lore% 9 Gallery% 23 Achievement% 15 Wizard Run 0 Options --------- Layout 0 ASCII 0 Keyboard 0 Movement Mouse Keybinds 0 Fullscreen 1 Font 18/SmallcapsGlow Map View 65x51 Zoom Use 0% Tactical HUD 1 Map Filters NONE Filters NONE Steam 1 RUN: 37a4fb85-5c3f-43f3-ba90-2b0b45c103cc